 Dungeon Crawl Stone Soup version 0.29.1-2-gbd0b4ee654 (webtiles) character file.

Game seed: 11556190806348724969

57 Ackmard the Magician (level 4, -6/31 HPs)
             Began as a Djinni Hedge Wizard on Nov 11, 2022.
             Mangled by an iguana (8 damage)
             ... on level 4 of the Dungeon.
             The game lasted 00:03:57 (1885 turns).

Ackmard the Magician (Djinni Hedge Wizard)          Turns: 1885, Time: 00:03:57

Health: -6/31      AC:  2    Str:  9    XL:     4   Next: 18%
Gold:   140        EV: 12    Int: 17    God:
                   SH:  0    Dex: 13

rFire   + + .      SeeInvis .   (no weapon)
rCold   x . .      Faith    .   (no shield)
rNeg    . . .      Spirit   .   b - +0 robe
rPois   ∞          Reflect  .   c - +0 hat
rElec   .          Harm     .   (no cloak)
rCorr   .          Rampage  .   (no gloves)
Will    .....                   (boots unavailable)
Stlth   ++........              (no amulet)
HPRegen 0.10/turn               (no ring)
MPRegen 0.00/turn               (no ring)

@: flying
A: sickness immunity, fire resistance 2, cold vulnerability 1, float, innate
caster, HP casting, extra vitality 1
a: no special abilities


You were on level 4 of the Dungeon.
You visited 1 branch of the dungeon, and saw 3 of its levels.

You collected 244 gold pieces.
You spent 104 gold pieces at shops.

Inventory:

Armour
 b - a +0 robe (worn)
 c - a +0 hat (worn)
Scrolls
 a - a scroll of teleportation {unknown}
 g - a scroll of blinking {unknown}
 j - a scroll of identify {unknown}
Potions
 d - a potion of lignification {unknown}
 e - a potion of resistance {unknown}
 f - a potion of brilliance {unknown}
 h - a potion of curing
 i - a potion of heal wounds


   Skills:
 + Level 2.7 Dodging
 + Level 2.1 Stealth
 + Level 3.3 Spellcasting


You couldn't memorise any spells.
You knew the following spells:

 Your Spells              Type           Power      Damage    Failure   Level
a - Magic Dart            Conj           56%        1d5       4%          1
b - Blink                 Tloc           28%        N/A       7%          2
c - Call Imp              Summ           14%        N/A       7%          2
d - Slow                  Hex            56%        N/A       4%          1
e - Conjure Flame         Conj/Fire      14%        6-21      13%         3
f - Mephitic Cloud        Conj/Pois/Air  14%        N/A       13%         3
g - Foxfire               Conj/Fire      56%        2x1d6     4%          1
Your spell library was empty.

Dungeon Overview and Level Annotations

Branches:
Dungeon (2/15)

Altars:

Shops:
D:1 !   D:2 !


Innate Abilities, Weirdness & Mutations

You are immune to sickness and miasma.
You are immune to poison.
Your flesh is very heat resistant. (rF++)
You are vulnerable to cold. (rC-)
You float through the air rather than walking.
You learn spells naturally, not from books.
Your magical power is your life essence.
You have superior vitality. (+4 MHP)


Message History

Things that are here:
a +0 dagger; a goblin corpse The iguana attacks as you move away!
The iguana closely misses you.
Your magical contamination has completely faded away.
Casting: Magic Dart (safe; 4% risk of failure)
Confirm with . or Enter, or press ? or * to list all spells.
Aiming: Magic Dart (safe; 4% risk of failure)
Press: ? - help, Shift-Dir - straight line, f/p - iguana
Aim: an iguana (heavily wounded, 100% to hit)
The magic dart hits the iguana but does no damage.
The iguana is heavily wounded.
The iguana bites you.
Casting: Magic Dart (safe; 4% risk of failure)
Confirm with . or Enter, or press ? or * to list all spells.
You conjure some foxfire!
The iguana completely misses you.
The foxfire hits the iguana.
The iguana is heavily wounded.
The foxfire hits the iguana.
The iguana is severely wounded.
The iguana barely misses you.
Casting: Foxfire (safe; 4% risk of failure)
Confirm with . or Enter, or press ? or * to list all spells.
You conjure some foxfire!
The iguana barely misses you.
The foxfire hits the iguana but does no damage.
The iguana is severely wounded.
The foxfire hits the iguana but does no damage.
The iguana is severely wounded.
Casting: Foxfire (safe; 4% risk of failure)
Confirm with . or Enter, or press ? or * to list all spells.
You conjure some foxfire!
The iguana bites you.
Your foxfire dissipates!
The foxfire hits the iguana but does no damage.
The iguana is severely wounded.
The iguana bites you.
Casting: Foxfire (safe; 4% risk of failure)
Confirm with . or Enter, or press ? or * to list all spells.
You conjure some foxfire!
The iguana bites you!
* * * LOW HITPOINT WARNING * * *
The iguana attacks as you move away! The iguana bites you!
You die...

### #. #..
#.##.## .
#.#...###
.[####.......
......#...##
.........[!###
#.v@..)?.#
#.v.l..#.#
#.#...##..#
#....## ...#
####... .....
#.###...###
#.# #)## ...
.# #.#


You could see an iguana (ally target).

Vanquished Creatures
  2 adders (D:2)
  2 dart slugs (D:2)
  An endoplasm (D:2)
  A giant cockroach (D:1)
  2 goblins
  6 hobgoblins
  5 kobolds
  3 quokkas (D:1)
  6 ball pythons
  2 bats (D:1)
  3 rats
33 creatures vanquished.

Vanquished Creatures (others)
  5 foxfires (D:4)
5 creatures vanquished.

Grand Total: 38 creatures vanquished

Notes
Turn   | Place    | Note
-------+----------+-------------------------------------------
     0 | D:1      | Ackmard the Djinni Hedge Wizard began the quest for the
                  | Orb.
     0 | D:1      | Ackmard set off with the following spells memorised: Magic
                  | Dart, Blink, Call Imp, Slow, Conjure Flame, Mephitic Cloud.
     0 | D:1      | Reached XP level 1. HP: 15/15 MP: 0/0
    23 | D:1      | Found a faded altar of an unknown god.
   265 | D:1      | Reached XP level 2. HP: 14/21 MP: 0/0
   767 | D:1      | Reached skill level 3 in Spellcasting
   767 | D:1      | Reached XP level 3. HP: 20/25 MP: 0/0
   767 | D:1      | Learned a level 1 spell: Foxfire
  1013 | D:1      | Found Riptodim's Distillery.
  1022 | D:1      | Bought a potion of curing for 39 gold pieces
  1614 | D:2      | Reached XP level 4. HP: 20/31 MP: 0/0
  1752 | D:2      | Found Cetoifu's Distillery.
  1772 | D:2      | Bought a potion of heal wounds for 65 gold pieces
  1855 | D:2      | You are sucked into a shaft and drop 2 floors!
  1885 | D:4      | Mangled by an iguana

Illustrated notes

Levels and vault maps discovered:
D:1:      dpeg_arrival_pits, layout_basic, serial_shops,
          nicolae_shop_statue_plus, basic_ecumenical_altar
D:2:      layout_loops_cross, serial_shops, shop_coins
D:4:      layout_loops_ring, mainiacjoe_overflow_divided_tiny

Skill      XL: |  1  2  3 |
---------------+----------+-----
Spellcasting   | 3 |  3.3
Stealth        | 2 |  2.1
Dodging        | |  2.7

Action                   |  1- 3 |  4- 6 || total
-------------------------+-------+-------++-------
 Cast: Magic Dart        |    77 |    13 ||    90
       Foxfire           |       |     4 ||     4
Armor: Robe              |     1 |       ||     1
Dodge: Dodged            |    11 |     7 ||    18
